 Dungeon Crawl Stone Soup version 0.32-a0-711-g016ad743e0 (webtiles) character file.

Game seed: 7157640340341530410

965 Fodor the Chopper (level 7, -8/61 HPs)
             Began as a Minotaur Fighter on Mar 15, 2024.
             Killed by nerve-wracking pain
             ... invoked by a shadow imp
              (11 damage)
             ... on level 3 of the Dungeon.
             The game lasted 00:09:48 (3097 turns).

Fodor the Chopper (Minotaur Fighter)                Turns: 3097, Time: 00:09:48

Health: -8/61      AC:  9    Str: 22    XL:     7   Next: 93%
Magic:  6/6        EV:  9    Int:  5    God:
Gold:   219        SH:  4    Dex: 10    Spells: 6/6 levels left

rFire   + . .        s - +0 sling (elec)
rCold   . . .        y - +0 buckler {rC+}
rNeg    . . .        b - +0 scale mail
rPois   .            n - +2 hat
rElec   .            (no cloak)
rCorr   +            (no gloves)
SInv    .            (no boots)
Will    .....        (no amulet) Stlth
                     g - ring of fire
HPRegen 0.30/turn    i - ring of resist corrosion
MPRegen 0.10/turn

%: no passive effects
@: no status effects
A: horns 2, retaliatory headbutt
a: Convert to Beogh


You were on level 3 of the Dungeon.
You visited 1 branch of the dungeon, and saw 3 of its levels.
You also visited: Sewer.

You collected 219 gold pieces.

Inventory:

Hand Weapons
 a - a +0 war axe
 s - a +0 sling of electrocution (weapon)
Missiles
 o - 8 boomerangs
Armour
 b - a +0 scale mail (worn)
 n - a +2 hat (worn)
 y - a +0 buckler of cold resistance (worn)
Jewellery
 g - a ring of fire (left hand)
 i - a ring of resist corrosion (right hand)
Wands
 z - a wand of flame (18)
Scrolls
 c - 2 scrolls of enchant armour {unknown}
 f - 2 scrolls of identify {unknown}
 k - 4 scrolls of teleportation {unknown}
 l - a scroll of fog {unknown}
 p - a scroll of noise {unknown}
 r - 2 scrolls of vulnerability {unknown}
 w - a scroll of brand weapon {unknown}
 x - a scroll of butterflies {unknown}
Potions
 d - 2 potions of might
 e - a potion of heal wounds
 h - a potion of attraction
 j - a potion of haste {unknown}
 m - 2 potions of mutation {unknown}
 q - a potion of enlightenment {unknown}
 t - a potion of curing {unknown}
 u - a potion of invisibility {unknown}
 v - a potion of resistance {unknown}


   Skills:
 + Level 5.3 Fighting
 + Level 6.9 Axes
 + Level 1.8 Ranged Weapons
 + Level 6.1 Armour
 + Level 3.1 Dodging
 + Level 0.1 Stealth
 + Level 5.4 Shields


You had 6 spell levels left.
You didn't know any spells.
Your spell library contained the following spells:

 Spells                   Type           Power      Damage    Failure   Level
 Apportation              Tloc           0%         N/A       83%         1
 Shock                    Conj/Air       0%         1d3       83%         1
 Jinxbite                 Hex            0%         N/A       93%         2
 Sigil of Binding         Hex            0%         N/A       99%         3
 Swiftness                Air            0%         N/A       99%         3
 Airstrike                Air            0%         2d(0-16)  100%        4
 Alistair's Intoxication  Alch           0%         N/A       100%        5
 Death Channel            Necr           0%         N/A       100%        6
 Sculpt Simulacrum        Ice/Alch       0%         N/A       100%        6


Dungeon Overview and Level Annotations

Branches:
Dungeon (3/15)              Sewer (visited)

Altars:
Dithmenos
Fedhas
Vehumet
Wu Jian
Yredelemnul

Annotations:
D:3 1 transporter, 1 runed translucent door, Crazy Yiuf


Innate Abilities, Weirdness & Mutations

You have a pair of horns on your head.
You reflexively headbutt those who attack you in melee.


Message History

The shadow imp shouts, "Run away, thou fulsome ruttish zombie-fodder!"
There is a transporter landing site here.
You start resting.
The shadow imp shouts, "Out, out, thou fulsome base-court vassal!"
The orc priest grunts loudly.
The shadow imp shouts, "Back with thee, thou plume-plucked bat-fowling rump-roast!"
The shadow imp grins evilly.
The shadow imp summons a swarm of flies.
The shadow imp spits at you. The shadow imp puffs mist at you.
The shadow imp shouts, "Scamper hence, thou simpering spleeny horn-beast!"
The shadow imp summons a swarm of flies.
The shadow imp sputters.
The shadow imp shouts, "Accept thy fall, thou canting rump-fed clotpole!"
HP restored.
The orc priest calls down the wrath of Beogh upon you.
Beogh smites you!
There is an open door here.
You enter the shallow water.
Moving in this stuff is going to be slow.
The shadow imp laughs crazily.
Why would you want to do that? Why would you want to do that?
The orc priest miscasts a cantrip.
The orc priest invokes the aid of Beogh against you.
Pain shoots through your body! The shadow imp gestures at you.
Pain shoots through your body! The shadow imp gestures at you.
Pain shoots through your body!
You open the door.
The orc priest invokes the aid of Beogh against you.
Pain shoots through your body!
* * * LOW HITPOINT WARNING * * *
The orc priest calls down the wrath of Beogh upon you.
Beogh smites you!
* * * LOW HITPOINT WARNING * * *
The shadow imp gestures at you. Pain shoots through your body!
You die...

......#.......#......#
.....##......÷.......#
......#####..###...#####
.....## #.......©.....#
.#.#..# #...#########.#
######## #...#ßP$©$Pß#.#
.....#.# #...#~..)..P#.#
####.#.###...####'####.#
#.#.^.....#o≈@..≈.#.#
#.#.......#.≈...≈o#.#
#.##...#..#5≈~~~≈5#.#
####'##.>....#.≈~⌠~≈.#.#
......#......#.≈~PP≈.#.#
......#......#.≈...≈.#.#
..........#..#.≈...≈.#.#
...<......#..####'####.#
..........#..#P.....P#.#


You could see 2 orc priests and 2 shadow imps.

Vanquished Creatures
  Grinder (D:3)
  The ghost of JoadsterXIII the Trooper, an amateur OnFi (D:3)
  The ghost of hecktor the Slasher, an amateur FoMo (D:3)
  2 bullfrogs (Sewer)
  A wyvern zombie (D:3)
  A centaur zombie (D:3)
  A centaur skeleton (D:3)
  A bullfrog skeleton (D:3)
  A scorpion zombie (D:3)
  A killer bee zombie (D:3)
  5 adders
  4 gnolls (D:2)
  A river rat (Sewer)
  A shadow imp (D:3)
  2 dart slugs
  A ribbon worm (D:3)
  An orc (D:3)
  6 bats
  6 endoplasms
  4 giant cockroaches
  6 hobgoblins
  4 jackals (D:1)
  A quokka (D:3)
  18 ball pythons
  8 frilled lizards
  5 goblins
  A jackal zombie (D:3)
  6 kobolds
  22 rats
113 creatures vanquished.

Notes
Turn   | Place    | Note
-------+----------+-------------------------------------------
     0 | D:1      | Fodor the Minotaur Fighter began the quest for the Orb.
     0 | D:1      | Reached XP level 1. HP: 19/19 MP: 0/0
    73 | D:1      | Reached XP level 2. HP: 23/27 MP: 1/1
   231 | D:1      | Found a faded altar of an unknown god.
   509 | D:1      | Reached XP level 3. HP: 33/33 MP: 2/2
   918 | D:2      | Reached skill level 1 in Dodging
   920 | D:2      | Reached XP level 4. HP: 31/40 MP: 3/3
  1573 | D:3      | Found a glowing drain.
  1597 | Sewer    | Entered a sewer
  1798 | Sewer    | Reached XP level 5. HP: 36/47 MP: 4/4
  1865 | Sewer    | Reached skill level 1 in Ranged Weapons
  1899 | Sewer    | Reached XP level 6. HP: 36/53 MP: 5/5
  1977 | D:3      | Found a runed translucent gate.
  1977 | D:3      | Found a runed translucent gate.
  1977 | D:3      | Found a runed translucent gate.
  1977 | D:3      | Noticed hecktor's ghost (amateur FoMo)
  1979 | D:3      | Found a basalt altar of Yredelemnul.
  1987 | D:3      | Reached skill level 5 in Armour
  1992 | D:3      | Reached skill level 5 in Axes
  2003 | D:3      | Killed hecktor's ghost
  2237 | D:3      | Found a transporter.
  2280 | D:3      | Found a transporter.
  2296 | D:3      | Found a shadowy altar of Dithmenos.
  2299 | D:3      | Found a blossoming altar of Fedhas.
  2299 | D:3      | Found an ornate altar of the Wu Jian Council.
  2299 | D:3      | Found a radiant altar of Vehumet.
  2392 | D:3      | Noticed Grinder
  2398 | D:3      | Paralysed by Grinder for 4 turns
  2415 | D:3      | Paralysed by Grinder for 2 turns
  2417 | D:3      | Killed Grinder
  2418 | D:3      | Reached skill level 5 in Fighting
  2418 | D:3      | Reached skill level 5 in Shields
  2418 | D:3      | Reached XP level 7. HP: 25/61 MP: 6/6
  2554 | D:3      | Found a runed translucent gate.
  2554 | D:3      | Found a runed translucent gate.
  2554 | D:3      | Found a runed translucent gate.
  2555 | D:3      | Noticed JoadsterXIII's ghost (amateur OnFi)
  2635 | D:3      | Found a runed translucent door.
  2636 | D:3      | Noticed Crazy Yiuf
  2830 | D:3      | Killed JoadsterXIII's ghost
  3097 | D:3      | HP: 3/61 [orc priest/divine providence (14)]
  3097 | D:3      | Killed from afar by a shadow imp

Illustrated notes

Levels and vault maps discovered:
D:1:      lightli_arrival_chessboard, layout_loops_ring,
          dreamdust_ecumenical_altar_grove
D:2:      layout_basic, nicolae_grassy_gnolls
D:3:      gammafunk_wand_slinger, layout_basic,
          nicolae_yredelemnul_ghost_church, grunt_temple_overflow_open,
          cheibrodos_sewer_entry_sluice, gammafunk_ghost_necromancy,
          uniq_grinder, uniq_crazy_yiuf_cottage

Skill      XL: |  1  2  3  4  5  6  7 |
---------------+----------------------+-----
Armour         | 4 5 6 |  6.1
Axes           | 3 4 5 6 |  6.9
Shields        | 4 5 |  5.4
Dodging        | 1 2 3 |  3.1
Fighting       | 4 5 |  5.3
Ranged Weapons | 1 |  1.8
Stealth        | |  0.1

Action                     |  1- 3 |  4- 6 |  7- 9 || total
---------------------------+-------+-------+-------++-------
  Melee: War axe           |    66 |   115 |    35 ||   216
         Headbutt          |     6 |    14 |     7 ||    27
   Fire: Sling             |       |    32 |     6 ||    38
    Use: Potion            |       |     2 |     1 ||     3
 Armour: Scale mail        |    59 |   204 |    36 ||   299
  Dodge: Dodged            |    46 |    73 |    15 ||   134
  Block: Buckler           |    18 |    62 |    16 ||    96

Table legend: (Time is in decaauts)
 A = Elapsed time spent in this place.
 B = Non-inter-level travel time spent in this place.
 C = Inter-level travel time spent in this place.
 D = Time resting spent in this place.
 E = Time spent auto-exploring this place.
 F = Levels seen in this place.
 G = Mean time per level.
                   A        B        C        D        E       F      G
               +--------+--------+--------+--------+--------+-----+--------+
         Total |   3221 |   3221 |      0 |    171 |   1928 |   4 |  805.2 |
       Dungeon |   2836 |   2836 |      0 |    171 |   1730 |   3 |  945.3 |
         Sewer |    384 |    384 |      0 |      0 |    198 |   1 |  384.0 |
               +--------+--------+--------+--------+--------+-----+--------+

Top non-repeatable levels by time:
     D:3: 1332 daAuts
     D:1: 877 daAuts
     D:2: 626 daAuts
   Sewer: 384 daAuts
